 Dungeon Crawl Stone Soup version 0.15-a0-2198-g7f377d1 (webtiles) character file.

136 MrRokkomies the Bolt Thrower (level 5, -11/41 HPs)
             Began as a Formicid Hunter on July 23, 2014.
             Killed from afar by a raiju (16 damage)
             ... with a living lightning
             ... on Level 1 of the Abyss.
             The game lasted 00:08:47 (3487 turns).

MrRokkomies the Bolt Thrower (Formicid Hunter)      Turns: 3487, Time: 00:08:47

HP -11/41        AC 10     Str 17      XL: 5   Next: 43%
MP   7/7         EV  4     Int 10      God:
Gold 133         SH  0     Dex 12      Spells:  0 memorised,  4 levels left

rFire  . . .     SeeInvis +     b - +2 hand crossbow
rCold  . . .     Clarity  .     o - +0 plate armour
rNeg   . . .     rCorr    .     (no shield)
rPois  .         rRot     .     (helmet unavailable)
rElec  .         Spirit   .     (no cloak)
SustAb .         Warding  .     (no gloves)
rMut   .         Stasis   +     (no boots)
Gourm  .                        (no amulet)
MR     .....                    (no ring)
                                h - ring of flight

@: not resistant to hostile enchantments, extremely unstealthy
A: permanent stasis, dig shafts and tunnels, four strong arms, antennae 3
a: Dig, Shaft Self, Evoke Flight


You were on level 1 of the Abyss.
You were not hungry.

You visited 1 branch of the dungeon, and saw 3 of its levels.
You visited the Abyss 1 time.

You collected 133 gold pieces.

Inventory:

Hand weapons
 a - a +0 short sword
 b - a +2 hand crossbow (weapon)
Missiles
 c - 18 bolts (quivered)
 i - 3 needles of confusion
 r - 15 poisoned needles
Armour
 o - a +0 plate armour (worn)
Comestibles
 f - 3 bread rations
 s - a rotting chunk of rat flesh
Scrolls
 g - 3 scrolls of remove curse
 j - a scroll of immolation {unknown}
 k - a scroll of enchant weapon
 q - a scroll of identify
Jewellery
 h - a ring of flight (left hand)
Potions
 d - a potion of might
 e - a potion of poison {unknown}
 l - a potion of curing {unknown}
 m - 2 potions of mutation {unknown}
 n - a potion of brilliance {unknown}
 p - a potion of confusion {unknown}


   Skills:
 * Level 3.6 Fighting
 * Level 5.1 Crossbows
 + Level 1.2 Armour
 - Level 1.7 Dodging
 - Level 1.2 Stealth


You had 4 spell levels left.
You didn't know any spells.

Dungeon Overview and Level Annotations

Branches:
Dungeon (3/15)

Altars:
Okawaru
Yredelemnul


Innate Abilities, Weirdness & Mutations

Your are under a permanent stasis effect.
You can dig through walls and to a lower floor.
Your four strong arms can wield two-handed weapons with a shield.
You have a pair of large antennae on your head (SInv).


Message History

The ufetubus hits you but does no damage.
The ufetubus hits you.
* * * LOW HITPOINT WARNING * * *
You see here an orange potion.
The ufetubus hits you but does no damage.
The ufetubus barely misses you.
The ufetubus disappears in a puff of smoke!
The ufetubus hits you but does no damage.
The ufetubus completely misses you.
The ynoxinul gestures.
The ufetubus barely misses you.
The ufetubus hits you but does no damage.
The ufetubus hits you but does no damage.
The ufetubus hits you.
* * * LOW HITPOINT WARNING * * *
A raiju comes into view.
The raiju barks!
The raiju bursts into living lightning!
The living lightning hits you!
You die...

#...#.. ## #.
#.....##.# .# #.
.#.#....# # .{5##.#
.# ##...#5#!#.#
#{.##.5....#
5#{{##35#5.# ###
##X. . {.{.#####.#
..#3..#{.5#.5#x@#
.#.....##..#55..#.#
#(..####.#35#.###.h.
# . ##..X.## h....
### ###...# ...#..#
≈≈#.. ##### ###. .
... .# ## . ≈


You could see a large abomination, 2 raiju, a ynoxinul, a small abomination and
3 ufetubi.

Vanquished Creatures
  An orc priest (D:3)
  3 adders
  A gnoll (D:3)
  A worm (D:2)
  2 oozes
  2 orcs (D:3)
  A ball python (D:2)
  A giant cockroach (D:1)
  11 hobgoblins
  3 jackals (D:2)
  7 kobolds
  8 bats
  4 giant newts
  9 goblins
  5 rats
59 creatures vanquished.

Notes
Turn   | Place    | Note
--------------------------------------------------------------
     0 | D:1      | MrRokkomies, the Formicid Hunter, began the quest for the Orb.
     0 | D:1      | Reached XP level 1. HP: 15/15 MP: 1/1
   470 | D:1      | Reached XP level 2. HP: 16/21 MP: 3/3
  1047 | D:1      | Reached XP level 3. HP: 24/27 MP: 4/4
  1841 | D:2      | Reached XP level 4. HP: 34/34 MP: 5/5
  2587 | D:3      | Found a basalt altar of Yredelemnul.
  2635 | D:3      | Found an iron altar of Okawaru.
  3027 | D:3      | Reached skill level 5 in Crossbows
  3159 | D:3      | Reached XP level 5. HP: 41/41 MP: 7/7
  3282 | D:3      | Reached skill level 1 in Armour
  3285 | D:3      | Cast into the Abyss (orc)
  3447 | Abyss:1  | Noticed a small abomination
  3454 | Abyss:1  | Noticed a ynoxinul
  3462 | Abyss:1  | Noticed a large abomination
  3487 | Abyss:1  | Noticed a raiju
  3487 | Abyss:1  | Killed from afar by a raiju

Action                   |  1- 3 |  4- 6 || total
-------------------------+-------+-------++-------
Melee: Short sword       |   127 |   132 ||   259
 Fire: Hand crossbow     |    24 |    14 ||    38
  Use: Scroll            |     2 |     6 ||     8
       Potion            |       |     1 ||     1
  Eat: Chunk             |     3 |       ||     3
